 Dungeon Crawl Stone Soup version 0.32-a0-898-g7811c86cf0 (webtiles) character file.

Game seed: 4676921546345121534

59 Firecrotchwizard the Scratcher (level 3, -2/18 HPs)
             Began as a Felid Shapeshifter on Feb 17, 2024.
             Slain by a gnoll
             ... wielding a +0 whip
             ... led by a gnoll bouda
              (5 damage)
             ... on level 2 of the Dungeon on Apr 4, 2024.
             The game lasted 00:03:24 (1084 turns).

Firecrotchwizard the Scratcher (Felid Shapeshifter) Turns: 1084, Time: 00:03:25

Health: -2/18      AC:  1    Str: 12    XL:     3   Next: 78%
Magic:  4/4        EV: 17    Int: 13    God:
Gold:   73         SH:  0    Dex: 15    Spells: 2/2 levels left
                                        Lives:  0   Deaths: 1

rFire   . .          .
                       - Unarmed
rCold   . . .        (shield unavailable)
rNeg    . . .        (body armour unavailable)
rPois   .            (helmet unavailable)
rElec   .            (cloak unavailable)
rCorr   .            (gloves unavailable)
SInv    +            (boots unavailable)
Will    .....        (no amulet)
Stlth   +            (no ring)
HPRegen 0.23/turn    (no ring)
MPRegen 0.09/turn

%: no passive effects
@: beast-form
A: beast (slay +1), very small, claws 1, fangs 3, see invisible, shaggy fur 1,
stealthy paws, no weapons or thrown items, no armour, multi-lived
a: Begin Untransformation


You were on level 2 of the Dungeon.
You were a hulking beast.
You visited 1 branch of the dungeon, and saw 2 of its levels.

You collected 73 gold pieces.

Inventory:

Talismans
 b - a beast talisman (active)
 c - a flux talisman
Scrolls
 d - a scroll of enchant armour {unknown}
 e - 2 scrolls of enchant weapon {unknown}
 g - 2 scrolls of identify {unknown}
 i - a scroll of revelation {unknown}
Potions
 a - 2 potions of lignification
 f - a potion of curing {unknown}
 h - a potion of ambrosia {unknown}


   Skills:
 - Level 1.0 Fighting
 + Level 3.5 Dodging
 * Level 4.0 Unarmed Combat
 + Level 3.1 Shapeshifting


You had 2 spell levels left.
You didn't know any spells.
Your spell library was empty.

Dungeon Overview and Level Annotations

Branches:
Dungeon (2/15)

Altars:


Innate Abilities, Weirdness & Mutations

You are a hulking beast.
Your limbs bulge with bestial killing power. (Slay +1)
You have sharp claws.
You have razor-sharp teeth.
You have supernaturally acute eyesight. (SInv)
You are covered in fur. (AC +1)
Your paws help you pounce on unaware monsters.
You are incapable of wielding weapons or throwing items.
You cannot wear armour.
You gain extra lives every three experience levels.


Message History

There is an open door here.
You closely miss the goblin. The goblin closely misses you.
You closely miss the goblin. The goblin misses you.
You scratch the goblin.
The goblin is severely wounded.
The goblin hits you with a +0 club.
You miss the goblin.
The goblin is severely wounded.
You barely miss the goblin. You bite the goblin.
You kill the goblin!
A gnoll comes into view. It is wielding a +0 halberd.
Things that are here:
a +0 club; a goblin corpse The gnoll closely misses you.
The gnoll barely misses you.
You scratch the gnoll.
The gnoll is lightly wounded.
An adder comes into view.
The gnoll closely misses you.
You closely miss the gnoll. Your bite misses the gnoll.
The gnoll is lightly wounded.
The gnoll hits you with a +0 halberd.
You barely miss the gnoll.
The gnoll is lightly wounded.
The gnoll closely misses you.
You claw the gnoll! You bite the gnoll.
You kill the gnoll!
Your Unarmed Combat skill increases to level 4!
A jackal comes into view.
You see here a +0 halberd.
The adder completely misses you.
You closely miss the adder.
The jackal barks!
The adder completely misses you. The adder misses you.
You scratch the adder.
The adder is lightly wounded.
The adder misses you.
You scratch the adder but do no damage.
The adder is lightly wounded.
The adder bites you.
You closely miss the adder.
The adder is lightly wounded.
The adder completely misses you.
A jackal comes into view.
The adder closely misses you. The jackal closely misses you.
You closely miss the adder.
The adder is lightly wounded.
The jackal barks!
The jackal pauses to sniff the ground.
The jackal closely misses you. The adder misses you.
You barely miss the adder.
The adder is lightly wounded.
The jackal barely misses you. The adder closely misses you.
You closely miss the jackal.
The jackal bites you but does no damage.
The adder barely misses you.
You scratch the adder. Your bite misses the adder.
The adder is moderately wounded.
The jackal bites you but does no damage.
The adder barely misses you. The jackal closely misses you.
You scratch the jackal.
The jackal is severely wounded.
The adder bites you. The jackal misses you. The adder closely misses you.
You barely miss the adder.
The adder is moderately wounded.
The jackal bites you. The jackal misses you. The adder bites you.
You are poisoned.
The adder poisons you! The jackal closely misses you.
You barely miss the jackal.
The jackal is severely wounded.
You feel sick. The jackal closely misses you. The adder misses you.
The jackal completely misses you.
You miss the adder.
The adder is moderately wounded.
You feel sick. The jackal misses you. The adder closely misses you.
The jackal bites you.
* * * LOW HITPOINT WARNING * * *
The jackal bites you.
* * * LOW HITPOINT WARNING * * *
You barely miss the adder.
The adder is moderately wounded.
The adder bites you.
* * * LOW HITPOINT WARNING * * *
The jackal misses you. x2; The adder completely misses you.
The jackal completely misses you.
You claw the jackal!
You kill the jackal!
You feel sick. The jackal barely misses you. The adder completely misses you.
You scratch the adder.
The adder is almost dead.
You feel sick. The jackal misses you. The adder completely misses you.
Unknown command.
You feel sick.
You are no longer poisoned.
The jackal barely misses you. The gnoll attacks as it pursues you!
The gnoll closely misses you. The jackal misses you.
You barely miss the adder.
The adder is almost dead.
The adder completely misses you. The gnoll hits you with a +0 whip.
You die...

...# .........
#.###### ...#
#........ ######.#
...g
+........##≈≈....#
.....
#.......##≈≈..##.#
......
......#≈≈...##.#
....#≈♣...##.#
#####..#≈≈...##.#
#...gS.##≈≈..##.#
#....hh.##≈≈..#.#
#........####...#
#..........####.#
............)'....#
.........##########
##.......#
.........+
..#.#....# #...


You could see a gnoll, an adder and a jackal.

Vanquished Creatures
  An adder (D:2)
  3 gnolls (D:2)
  3 giant cockroaches
  3 goblins (D:2)
  2 hobgoblins (D:1)
  A jackal (D:2)
  A kobold (D:2)
  3 quokkas
  2 rats
19 creatures vanquished.

Notes
Turn   | Place    | Note
-------+----------+-------------------------------------------
     0 | D:1      | Firecrotchwizard the Felid Shapeshifter began the quest for
                  | the Orb.
     0 | D:1      | Reached XP level 1. HP: 10/10 MP: 2/2
     0 | D:1      | Upgraded the game from 0.32-a0-329-ge6c31236d6 to
                  | 0.32-a0-898-g7811c86cf0
   865 | D:2      | Reached XP level 2. HP: 14/14 MP: 3/3
   988 | D:2      | Reached XP level 3. HP: 5/18 MP: 4/4
   991 | D:2      | Slain by a gnoll
   991 | D:2      | Lost a life (0 lives remaining)
  1066 | D:2      | Reached skill level 4 in Unarmed Combat
  1084 | D:2      | Slain by a gnoll

Illustrated notes

Levels and vault maps discovered:
D:1:      lightli_arrival_lavapool, layout_basic
D:2:      layout_basic, basic_altar, kennysheep_nub, lightli_corner_chamber

Skill      XL: |  1  2  3 |
---------------+----------+-----
Dodging        | 3 |  3.5
Shapeshifting  | 3 |  3.1
Unarmed Combat | 4 |  4.0
Fighting       | |  1.0

Action                     || total
---------------------------++-------
  Melee: Unarmed           ||    61
         Bite              ||     3
         Punch             ||     1
 Armour: Skin              ||    21
  Dodge: Dodged            ||    66

Table legend: (Time is in decaauts)
 A = Elapsed time spent in this place.
 B = Non-inter-level travel time spent in this place.
 C = Inter-level travel time spent in this place.
 D = Time resting spent in this place.
 E = Time spent auto-exploring this place.
 F = Levels seen in this place.
 G = Mean time per level.
                   A        B        C        D        E       F      G
               +--------+--------+--------+--------+--------+-----+--------+
         Total |   1081 |   1074 |      7 |     33 |    873 |   2 |  540.5 |
       Dungeon |   1081 |   1074 |      7 |     33 |    873 |   2 |  540.5 |
               +--------+--------+--------+--------+--------+-----+--------+

Top non-repeatable levels by time:
     D:1: 889 daAuts
     D:2: 191 daAuts
